 Dungeon Crawl Stone Soup version 0.22-a0-443-g17c3723 (webtiles) character file.

347 Gorglomux the Chopper (level 6, -13/37 HPs)
             Began as a Gargoyle Fighter on June 1, 2018.
             Mangled by an ogre
             ... wielding a +0 giant club
              (16 damage)
             ... on level 5 of the Dungeon.
             The game lasted 00:01:07 (2618 turns).

Gorglomux the Chopper (Gargoyle Fighter)            Turns: 2618, Time: 00:01:08

Health: -13/37     AC: 11    Str: 22    XL:     6   Next: 59%
Magic:  6/6        EV:  7    Int:  4    God:
Gold:   72         SH:  9    Dex:  9    Spells: 5/5 levels left

rFire    . . .     SeeInvis .   a - +0 war axe
rCold    . . .     Gourm    .   c - +0 shield
rNeg     + . .     Faith    .   b - +0 scale mail
rPois    ∞         Spirit   .   (no helmet)
rElec    +         Reflect  .   (no cloak)
rCorr    .         Harm     .   (no gloves)
MR       .....                  (no boots)
Stlth    ..........             (no amulet)
HPRegen  0.12/turn              q - -4 ring of intelligence (curse)
MPRegen  0.10/turn              l - ring of loudness (curse)

@: no status effects
A: negative energy resistance 1, electricity resistance, unbreathing,
petrification resistance, rot immunity, AC +4
a: no special abilities


You were on level 5 of the Dungeon.
You were not hungry.

You visited 1 branch of the dungeon, and saw 5 of its levels.

You collected 72 gold pieces.

Inventory:

Hand Weapons
 a - a +0 war axe (weapon)
Armour
 b - a +0 scale mail (worn)
 c - a +0 shield (worn)
Jewellery
 l - a cursed ring of loudness (right hand)
 q - a cursed -4 ring of intelligence (left hand)
 t - an uncursed ring of protection from magic {unknown}
Scrolls
 o - a scroll of remove curse {unknown}
 r - 3 scrolls of identify {unknown}
 s - a scroll of noise {unknown}
 u - 3 scrolls of magic mapping {unknown}
 x - a scroll of enchant weapon {unknown}
 y - 2 scrolls of teleportation {unknown}
Potions
 d - a potion of might
 h - a potion of mutation {unknown}
 i - 3 potions of haste {unknown}
 j - 2 potions of degeneration {unknown}
 m - 2 potions of curing {unknown}
 n - a potion of berserk rage {unknown}
 p - a potion of flight {unknown}
 w - a potion of brilliance {unknown}
Comestibles
 f - 4 rations
 v - 3 chunks of flesh


   Skills:
 - Level 3.2 Fighting
 + Level 6.2 Axes
 - Level 3.2 Armour
 - Level 3.2 Shields


You had 5 spell levels left.
You didn't know any spells.
Your spell library was empty.

Dungeon Overview and Level Annotations

Branches:
Dungeon (5/15)
 Temple: D:4-7

Altars:
Yredelemnul
The Shining One

Annotations:
D:2 1 runed door


Innate Abilities, Weirdness & Mutations

You are resistant to torment.
Your stone body is resilient. (AC +4)
You are immune to poison.
You resist negative energy. (rN+)
You are resistant to electric shocks. (rElec)
You can survive without breathing.
You are immune to petrification.
You are immune to rotting.


Message History

The ogre hits you with a giant club!!!!!!
DANG You dice the ogre like an onion!!!
The ogre is moderately butt!
You open the worm like a pillowcase!!!
You butt the worm's butt!
The ogre hits you with a giant club!!! * * * don't die
* * * You are too injured to fight recklessly!!!
You are too butt to fight recklessly!!!
Unknown command!
There are monsters butt!!!
You are too butt to fight recklessly!!!
Butt are too injured to fight recklessly!!!
You are too injured to fight recklessly!!!
You are butt injured to fight recklessly!!!
Unknown butt!
There are monsters nearby!!!
You see here 14 gold pieces!
The ogre hits you with a giant club!!! rip

###.#.####..#.###
#.##### .#
.)..............#
#.# .#
............###.#
##.#### .
.............##.#
#.....# .
...........$w...##
#####.#
##########.......#
#.# #..#....# #.#
#.....O.# #.#
#..#...@# #.#
#..#....##### #.#
#..#........###.#
#..##.#.........#
#..##.#.###.#####
#..##'#.###.#
#.......)...#
#..........##
#..........#


You could see an ogre and a worm.

Vanquished Creatures
  2 howler monkeys (D:4)
  A hound (D:4)
  An orc priest (D:4)
  A bullfrog skeleton (D:4)
  A centaur skeleton (D:4)
  An iguana (D:4)
  A worker ant (D:4)
  6 adders
  4 worms
  4 orcs
  A bat (D:1)
  5 giant cockroaches
  2 goblins
  A hobgoblin (D:2)
  8 jackals
  A quokka (D:3)
  A ball python (D:2)
  4 frilled lizards
  5 kobolds
  A quokka skeleton (D:4)
  4 rats
  4 toadstools (D:1)
59 creatures vanquished.

Notes
Turn   | Place    | Note
-------+----------+-------------------------------------------
     0 | D:1      | Gorglomux the Gargoyle Fighter began the quest for the Orb.
     0 | D:1      | Reached XP level 1. HP: 14/14 MP: 1/1
    85 | D:1      | Reached skill level 2 in Axes
   122 | D:1      | Reached XP level 2. HP: 19/19 MP: 2/2
   709 | D:2      | Reached skill level 3 in Axes
   709 | D:2      | Reached XP level 3. HP: 23/23 MP: 3/3
  1335 | D:2      | Reached XP level 4. HP: 28/28 MP: 4/4
  1363 | D:2      | Found a runed door.
  1594 | D:3      | Reached skill level 4 in Axes
  1898 | D:4      | Reached XP level 5. HP: 8/32 MP: 5/5
  1961 | D:4      | Reached skill level 5 in Axes
  2104 | D:4      | Reached XP level 6. HP: 26/37 MP: 6/6
  2142 | D:4      | Reached skill level 6 in Axes
  2420 | D:4      | Found a glowing golden altar of the Shining One.
  2443 | D:4      | Found a basalt altar of Yredelemnul.
  2528 | D:5      | Entered Level 5 of the Dungeon
  2618 | D:5      | Mangled by an ogre

Vault maps used:
D:1:      ldierk_water_garden
D:2:      uniq_crazy_yiuf_cottage
D:3:      cheibriados_altar_1
D:4:      grunt_temple_overflow_cloverleaf, overflow_temple_1_default,
          marbit_many_paths, first_ration, kennysheep_boxes

Skill      XL: |  1  2  3  4  5  6 |
---------------+-------------------+-----
Axes           | 2 3 4 5 6 |  6.2
Fighting       | |  3.2
Armour         | |  3.2
Shields        | |  3.2

Action                   |  1- 3 |  4- 6 || total
-------------------------+-------+-------++-------
Melee: War axe           |   161 |   107 ||   268
  Eat: Chunk             |     2 |     4 ||     6
Armor: Scale mail        |   111 |    46 ||   157
Dodge: Dodged            |    48 |    26 ||    74
Block: Shield            |   106 |    57 ||   163

Table legend:
 A = Spawn XP
 B = Non-spawn XP
 C = Spawn XP percentage of total XP
 D = Spawn monster count
 E = Non-spawn monster count
 F = Spawn count percentage of total count
 G = Total turns spent on level
                    A         B        C        D         E        F      G
               +---------+---------+-------+---------+---------+-------+---------
         Total |       0 |     497 |   0.0 |       0 |      55 |   0.0 |  2618
               +---------+---------+-------+---------+---------+-------+---------
           D:1 |       0 |      23 |   0.0 |       0 |      14 |   0.0 |   619
           D:2 |       0 |      59 |   0.0 |       0 |      16 |   0.0 |   808
           D:3 |       0 |      33 |   0.0 |       0 |       7 |   0.0 |   336
           D:4 |       0 |     379 |   0.0 |       0 |      17 |   0.0 |   765
           D:5 |       0 |       3 |   0.0 |       0 |       1 |   0.0 |    90
               +---------+---------+-------+---------+---------+-------+---------
